 Dungeon Crawl Stone Soup version 0.28-b1-25-g9875b3f (webtiles) character file.

Game seed: 6843525792801764366

73 Host24 the Bolt Thrower (level 4, -6/28 HPs)
             Began as a Kobold Hunter on Feb 2, 2022.
             Mangled by an orc warrior (9 damage)
             ... on level 4 of the Dungeon.
             The game lasted 00:05:34 (4537 turns).

Host24 the Bolt Thrower (Kobold Hunter)             Turns: 4537, Time: 00:05:35

Health: -6/28      AC:  4    Str: 11    XL:     4   Next: 51%
Magic:  4/4        EV: 14    Int: 12    God:
Gold:   179        SH:  0    Dex: 15    Spells: 3/3 levels left

rFire   . . .      SeeInvis .   b - +0 short sword
rCold   . . .      Faith    .   (no shield)
rNeg    . . .      Spirit   .   c - +0 leather armour
rPois   .          Reflect  .   (no helmet)
rElec   .          Harm     .   (no cloak)
rCorr   .          Rampage  .   e - +0 pair of gloves
Will    .....                   (no boots)
Stlth   +++.......              (no amulet)
HPRegen 0.09/turn               (no ring)
MPRegen 0.09/turn               (no ring)

@: no status effects
A: small, no large weapons, nightstalker 3
a: no special abilities


You were on level 4 of the Dungeon.
You visited 1 branch of the dungeon, and saw 4 of its levels.

You collected 179 gold pieces.

Inventory:

Hand Weapons
 a - a +1 hand crossbow
 b - a +0 short sword (weapon)
Missiles
 d - 38 bolts
 g - 11 poisoned darts (quivered)
 i - 95 stones
 n - 24 arrows
Armour
 c - a +0 leather armour (worn)
 e - a +0 pair of gloves (worn)
 f - a +0 plate armour
Wands
 s - a wand of polymorph (14)
Scrolls
 h - a scroll of torment {unknown}
 j - 2 scrolls of amnesia {unknown}
 l - 2 scrolls of identify {unknown}
 o - 2 scrolls of teleportation {unknown}
 t - a scroll of enchant weapon {unknown}
 u - a scroll of noise {unknown}
Potions
 k - a potion of attraction {unknown}
 m - 2 potions of curing {unknown}
 p - a potion of flight {unknown}
 q - a potion of mutation {unknown}
 r - a potion of resistance {unknown}


   Skills:
 - Level 3.0 Fighting
 + Level 6.1 Crossbows
 - Level 3.0 Dodging
 - Level 1.3 Stealth


You had 3 spell levels left.
You didn't know any spells.
Your spell library contained the following spells:

 Spells                   Type           Power      Damage    Failure   Level
 Sting                    Tmut/Pois      0%         1d3       41%         1
 Poisonous Vapours        Pois/Air       0%         N/A       54%         2
 Olgreb's Toxic Radiance  Pois           0%         N/A       99%         4


Dungeon Overview and Level Annotations

Branches:
Dungeon (4/15)
 Temple: D:4-7

Altars:
Gozag
Nemelex Xobeh
Ru
Uskayaw
Wu Jian

Annotations:
D:4 Ijyb


Innate Abilities, Weirdness & Mutations

You are small and have problems with some larger weapons.
You are completely attuned to the shadows.


Message History

The orc priest calls down the wrath of Beogh upon you.
Beogh smites you!
There is a stone staircase leading up here.
The orc hits you but does no damage.
You climb upwards.
There is a stone staircase leading down here.
a - a +1 hand crossbow (weapon)
The orc barely misses you.
Fire: 38 bolts
Press: ? - help, Q - select action, (/) - cycle Shift-Dir - straight line, f - orc
Aim: an orc, wielding a +0 war axe and wearing a +0 leather armour (moderately wounded, 67% to hit)
You shoot a bolt. The bolt hits the orc!
You kill the orc!
d - 38 bolts (gained 1)
Things that are here:
a +0 war axe; a +0 leather armour You start resting.
HP restored.
b - a +0 short sword (weapon)
There is a stone staircase leading down here.
You climb downwards.
There is a stone staircase leading up here.
Okay, then.
Okay, then.
You climb upwards.
There is a stone staircase leading down here.
There is a stone staircase leading down here.
You climb downwards.
There is a stone staircase leading up here.
Found 13 gold pieces.
You now have 179 gold pieces (gained 13).
Ijyb the Twisted Goblin comes into view.
She is wielding a +0 dagger and carrying a wand of iceblast (6).
Ijyb shouts!
Ijyb zaps a wand.
The mass of ice explodes!
The iceblast engulfs you!
Ouch! That really hurt!
Ijyb zaps a wand.
The mass of ice explodes!
The iceblast engulfs you!
* * * LOW HITPOINT WARNING * * *
You hear a shout!
The orc warrior hits you with a +0 mace!
You die...

#.......g..#
#.##.##.##.#
#.##.# .#
#.##.# g#
#g##.# .#
#.##.. #.#
#.# #@# #o#
#.# #.#
#.#######
#.......#
#######.#
#.# #.#


You could see an orc warrior and Ijyb.

Vanquished Creatures
  An adder (D:2)
  An adder skeleton (D:4)
  A worm (D:3)
  3 dart slugs
  3 orcs
  3 bats
  6 endoplasms
  2 giant cockroaches
  3 goblins
  4 hobgoblins
  4 quokkas
  5 ball pythons
  2 frilled lizards (D:2)
  5 kobolds
  3 rats
46 creatures vanquished.

Notes
Turn   | Place    | Note
-------+----------+-------------------------------------------
     0 | D:1      | Host24 the Kobold Hunter began the quest for the Orb.
     0 | D:1      | Reached XP level 1. HP: 12/12 MP: 1/1
    19 | D:1      | Reached skill level 5 in Crossbows
   135 | D:1      | Reached XP level 2. HP: 4/18 MP: 2/2
  1215 | D:2      | Reached XP level 3. HP: 23/23 MP: 3/3
  2326 | D:2      | Found a faded altar of an unknown god.
  2470 | D:2      | Identified the +0 leather armour of the Echidna {Contam
                  | Harm MP-9 Int+8}
  2554 | D:3      | Reached XP level 4. HP: 12/28 MP: 4/4
  2740 | D:3      | Found a sacrificial altar of Ru.
  3191 | D:3      | Found a hide-covered altar of Uskayaw.
  3659 | D:3      | Found a sparkling altar of Nemelex Xobeh.
  3659 | D:3      | Found an ornate altar of the Wu Jian Council.
  3659 | D:3      | Found an opulent altar of Gozag.
  3733 | D:3      | Reached skill level 6 in Crossbows
  4231 | D:4      | Noticed an orc warrior
  4525 | D:4      | Noticed Ijyb
  4537 | D:4      | Mangled by an orc warrior

Illustrated notes

Levels and vault maps discovered:
D:1:      erik_arrival_blinker_ship, layout_loops_ring, dk_noncrumbling_2
D:2:      layout_loops_corners, ebering_ecumenical_altar_rust
D:3:      layout_basic, nicolae_ru_sacrificial_ziggurat,
          nicolae_uskayaw_suspiria, gammafunk_temple_overflow_claw, st_stairs_10
D:4:      layout_loops_ring, serial_shops, nicolae_shop_crystal,
          biasface_ghost_orc_armoury, minmay_between, uniq_eustachio,
          uniq_blork_the_orc, uniq_ijyb

Skill      XL: |  1  2  3  4 |
---------------+-------------+-----
Crossbows      | 5 6 |  6.1
Fighting       | 3 |  3.0
Dodging        | 3 |  3.0
Stealth        | |  1.3

Action                   |  1- 3 |  4- 6 || total
-------------------------+-------+-------++-------
Melee: Short sword       |    71 |    58 ||   129
       Punch             |     1 |     3 ||     4
 Fire: Hand crossbow     |    12 |     5 ||    17
 Stab: Sleeping          |    18 |     5 ||    23
Armor: Leather armour    |    10 |    14 ||    24
Dodge: Dodged            |    34 |    50 ||    84
